 Dungeon Crawl Stone Soup version 0.28.0-53-g5a82cb258f (webtiles) character file.

Game seed: 9498623771246964005

268 Plasmagod the Grave Robber (level 6, 0/32 HPs)
             Began as a Deep Elf Necromancer on July 20, 2022.
             Succumbed to a kobold brigand's poison
             ... on level 4 of the Dungeon.
             The game lasted 00:09:07 (4079 turns).

Plasmagod the Grave Robber (Deep Elf Necromancer)   Turns: 4079, Time: 00:09:07

Health: 0/32       AC:  4    Str:  5    XL:     6   Next: 0%
Magic:  8/14       EV: 11    Int: 22    God:
Gold:   121        SH:  0    Dex: 15    Spells: 10/15 levels left

rFire   . . .      SeeInvis .   g - +1 short sword (vamp)
rCold   . . .      Faith    .   (no shield)
rNeg    . . .      Spirit   .   o - +0 leather armour
rPois   .          Reflect  .   m - +0 helmet
rElec   .          Harm     .   (no cloak)
rCorr   .          Rampage  .   (no gloves)
Will    .....                   (no boots)
Stlth   ++........              c - amulet of the acrobat
HPRegen 0.10/turn               (no ring)
MPRegen 0.14/turn               (no ring)

@: brilliant, lethally poisoned (0 -> -10), flying
A: low MP 1
a: no special abilities


You were on level 4 of the Dungeon.
You visited 1 branch of the dungeon, and saw 4 of its levels.

You collected 121 gold pieces.

Inventory:

Hand Weapons
 g - a +1 vampiric short sword (weapon)
Armour
 a - a +0 robe
 m - a +0 helmet (worn)
 o - a +0 leather armour (worn)
Jewellery
 c - an amulet of the acrobat (around neck)
Wands
 l - a wand of mindburst (5)
Scrolls
 b - 2 scrolls of amnesia {unknown}
 h - 2 scrolls of identify {unknown}
 i - 2 scrolls of blinking {unknown}
 j - a scroll of teleportation {unknown}
Potions
 e - a potion of magic {unknown}
 f - a potion of flight
 k - a potion of attraction {unknown}
 n - a potion of might {unknown}
 p - a potion of brilliance


   Skills:
 + Level 2.4 Dodging
 + Level 2.8 Stealth
 + Level 5.1 Spellcasting
 * Level 3.1 Hexes
 + Level 7.0 Necromancy


You had 10 spell levels left.
You knew the following spells:

 Your Spells              Type           Power      Damage    Failure   Level
a - Pain                  Necr           100%       1d9       1%          1
b - Animate Skeleton      Necr           100%       N/A       1%          1
c - Vampiric Draining     Necr           53%        2d9       2%          3

Your spell library contained the following spells:

 Spells                   Type           Power      Damage    Failure   Level
 Animate Dead             Necr           26%        N/A       10%         4
 Summon Small Mammal      Summ           32%        N/A       17%         1
 Summon Guardian Golem    Hex/Summ       18%        N/A       26%         3
 Agony                    Necr           53%        N/A       26%         5
 Call Canine Familiar     Summ           8%         N/A       45%         3


Dungeon Overview and Level Annotations

Branches:
Dungeon (4/15)
 Temple: D:4-7

Altars:
Fedhas
Trog


Innate Abilities, Weirdness & Mutations

Your magical capacity is low. (-10% MP)


Message History

You feel very sick.
Aiming: Pain (safe; 1% risk of failure)
Press: ? - help, Q - select action, (/) - cycle Shift-Dir - straight line, f/p - kobold brigand
Aim: a kobold brigand, wielding a +0 dagger and quivering poisoned darts (heavily wounded, chance to affect: 83%)
The kobold brigand writhes in agony.
You feel very sick.
The kobold brigand throws a poisoned dart.
The poisoned dart barely misses you.
Aiming: Pain (safe; 1% risk of failure)
Press: ? - help, Q - select action, (/) - cycle Shift-Dir - straight line, f/p - kobold brigand
Aim: a kobold brigand, wielding a +0 dagger and quivering poisoned darts (severely wounded, chance to affect: 83%)
The kobold brigand writhes in agony!
You feel sick.
The kobold brigand throws a poisoned dart.
The poisoned dart hits you!
You are lethally poisoned!
Aiming: Pain (safe; 1% risk of failure)
Press: ? - help, Q - select action, (/) - cycle Shift-Dir - straight line, f/p - kobold brigand
Aim: a kobold brigand, wielding a +0 dagger and quivering poisoned darts (almost dead, chance to affect: 83%)
The kobold brigand writhes in agony!
You kill the kobold brigand!
* * * LOW HITPOINT WARNING * * *
You feel very sick.
Your Spellcasting skill increases to level 5!
Your Hexes skill increases to level 3!
Your Necromancy skill increases to level 7!
You have reached level 6!
It was a potion of flight.
You feel very buoyant.
You fly up into the air.
* * * LOW HITPOINT WARNING * * *
You feel very sick.
It was a potion of brilliance.
You feel clever all of a sudden.
* * * LOW HITPOINT WARNING * * *
You feel very sick.
It was a potion of mutation.
You feel extremely strange.
You feel less energetic.
Your body twists and deforms.
Your body's shape seems more normal.
You die...

#...........
##........:..
............
...........
..........
#.).......
#.........
#.@.(.....
#.........
#.........
#.........
#.........
########.........
#######
.........########
#......
########.#
#.##### #.# #.#


There were no monsters in sight!

Vanquished Creatures
  A kobold brigand (D:4)
  An iguana (D:4)
  An orc wizard (D:4)
  Natasha (D:2)
  3 adders
  An adder skeleton (D:4)
  A worm (D:3)
  A dart slug (D:1)
  5 orcs
  6 endoplasms
  5 giant cockroaches
  12 goblins
  3 hobgoblins
  10 kobolds
  5 quokkas
  6 ball pythons
  9 bats
  2 frilled lizards (D:3)
  6 rats
79 creatures vanquished.

Vanquished Creatures (collateral kills)
  A hobgoblin (D:2)
1 creature vanquished.

Grand Total: 80 creatures vanquished

Notes
Turn   | Place    | Note
-------+----------+-------------------------------------------
     0 | D:1      | Plasmagod the Deep Elf Necromancer began the quest for the
                  | Orb.
     0 | D:1      | Reached XP level 1. HP: 10/10 MP: 6/6
     9 | D:1      | Learned a level 1 spell: Animate Skeleton
    78 | D:1      | Reached skill level 5 in Necromancy
   304 | D:1      | Reached XP level 2. HP: 12/15 MP: 5/8
  1110 | D:1      | Reached XP level 3. HP: 18/19 MP: 7/9
  1460 | D:1      | Reached skill level 1 in Hexes
  2076 | D:2      | Noticed Natasha
  2084 | D:2      | Killed Natasha
  2085 | D:2      | Reached skill level 6 in Necromancy
  2085 | D:2      | Reached XP level 4. HP: 15/24 MP: 6/12
  2499 | D:3      | Found a blossoming altar of Fedhas.
  2544 | D:3      | Learned a level 3 spell: Vampiric Draining
  2965 | D:3      | Found a bloodstained altar of Trog.
  3661 | D:4      | Reached XP level 5. HP: 23/28 MP: 8/14
  4077 | D:4      | Reached skill level 5 in Spellcasting
  4077 | D:4      | Reached skill level 7 in Necromancy
  4077 | D:4      | Reached XP level 6. HP: 7/32 MP: 8/15
  4079 | D:4      | Gained mutation: Your magical capacity is low. (-10% MP)
                  | [potion of mutation]
  4079 | D:4      | Gained mutation: Armour fits poorly on your strangely
                  | shaped body. [potion of mutation]
  4079 | D:4      | Lost mutation: Armour fits poorly on your strangely shaped
                  | body. [potion of mutation]
  4079 | D:4      | Succumbed to a kobold brigand's poison

Illustrated notes

Levels and vault maps discovered:
D:1:      lemuel_arrival_rhombus, layout_loops_corners, minmay_quantized
D:2:      layout_rooms, serial_curves, eino_curves_02, eino_curves_02,
          nrook_uturn, uniq_natasha
D:3:      layout_basic, mainiacjoe_overflow_boulevard, trog_butcher_becter
D:4:      layout_basic, slow_altar_1

Skill      XL: |  1  2  3  4  5 |
---------------+----------------+-----
Necromancy     | 5 6 7 |  7.0
Hexes          | 1 2 3 |  3.1
Spellcasting   | 4 5 |  5.1
Dodging        | |  2.4
Stealth        | |  2.8

Action                   |  1- 3 |  4- 6 || total
-------------------------+-------+-------++-------
Melee: Short sword       |       |     5 ||     5
 Cast: Pain              |    67 |    71 ||   138
       Animate Skeleton  |     2 |    13 ||    15
       Vampiric Draining |       |     3 ||     3
  Use: Potion            |       |     3 ||     3
Dodge: Dodged            |     4 |    10 ||    14
